 Dungeon Crawl Stone Soup version 0.30-a0-718-geaa24f58ff (webtiles) character file.

Game seed: 8058209329945244457

177 Arximoufas the Chopper (level 5, 42/42 HPs)
             Began as a Demonspawn Berserker on Jan 25, 2023.
             Was a Priest of Trog.
             Quit the game on level 3 of the Dungeon.
             The game lasted 00:05:07 (2173 turns).

Arximoufas the Chopper (Demonspawn Berserker)       Turns: 2173, Time: 00:05:08

Health: 42/42      AC:  8    Str: 20    XL:     5   Next: 31%
Magic:  5/5        EV:  8    Int:  8    God:    Trog [***...]
Gold:   133        SH:  4    Dex: 14    Spells: 4/4 levels left

rFire   . . .      SeeInvis .    a - +0 hand axe
rCold   . . .      Faith    .    (no shield)
rNeg    . . .      Spirit   .    k - +0 chain mail
rPois   .          Reflect  .    (helmet restricted)
rElec   .          Harm     .    (no cloak)
rCorr   .          Rampage  .    (no gloves)
Will    .....                    (no boots) Stlth
                                 (no amulet)
HPRegen 0.27/turn                (no ring)
MPRegen 0.09/turn                (no ring)

@: no status effects
A: horns 1, thin skeletal structure 1, condensation shield
a: Renounce Religion, Berserk, Trog's Hand


You were on level 3 of the Dungeon.
You worshipped Trog.
Trog was most pleased with you.
You visited 1 branch of the dungeon, and saw 3 of its levels.

You collected 133 gold pieces.

Inventory:

Hand Weapons
 a - a +0 hand axe (weapon)
Armour
 c - a +2 helmet
 k - a +0 chain mail (worn)
Jewellery
 n - a +6 ring of intelligence
Scrolls
 e - a scroll of noise {unknown}
 f - a scroll of blinking {unknown}
 g - 2 scrolls of enchant armour {unknown}
 j - a scroll of silence {unknown}
 l - 3 scrolls of identify {unknown}
 o - a scroll of teleportation {unknown}
Potions
 b - a potion of cancellation {unknown}
 d - a potion of might
 h - 2 potions of invisibility {unknown}
 i - 2 potions of curing {unknown}
 m - 2 potions of mutation {unknown}
 p - a potion of ambrosia {unknown}
 q - a potion of magic {unknown}


   Skills:
 + Level 4.2 Fighting
 * Level 4.8 Axes
 - Level 1.7 Armour
 - Level 1.7 Dodging


You had 4 spell levels left.
You didn't know any spells.
Your spell library was empty.

Dungeon Overview and Level Annotations

Branches:
Dungeon (3/15)

Altars:


Innate Abilities, Weirdness & Mutations

You have a pair of small horns on your head.
You have a somewhat thin skeletal structure. (Dex +2, Stealth+)
A meltable shield of frost defends you. (SH +4)


Message History

Found 10 gold pieces.
Found a stone staircase leading down.
The endoplasm hits you but does no damage.
The hobgoblin misses you.
You hit the hobgoblin but do no damage. You hit the endoplasm.
The endoplasm hits you but does no damage.
The hobgoblin hits you but does no damage.
You hit the endoplasm but do no damage.
The endoplasm is heavily wounded.
You closely miss the hobgoblin. The endoplasm freezes you.
You are frozen.
You block the hobgoblin's attack.
You hit the endoplasm.
The endoplasm is severely wounded.
You closely miss Jessica. You closely miss the hobgoblin.
Jessica closely misses you. The endoplasm freezes you.
You are frozen.
The hobgoblin barely misses you.
You hit the endoplasm but do no damage. You headbutt the endoplasm.
The endoplasm is almost dead.
You hit Jessica. You hit the hobgoblin. Jessica hits you but does no damage.
The endoplasm freezes you.
You are frozen.
The hobgoblin hits you.
You hit the endoplasm.
You kill the endoplasm!
Trog accepts your kill.
You hit Jessica.
You kill Jessica!
Trog accepts your kill.
Trog appreciates your killing of a magic user.
You hit the hobgoblin but do no damage.
The hobgoblin hits you but does no damage.
You block the hobgoblin's attack.
You hit the hobgoblin.
You kill the hobgoblin!
Trog accepts your kill.
No target in view!
p - a green potion
q - a coppery potion Are you sure you want to abandon this character and quit the game? (Confirm with "yes".)

#..........
#..........
#..........
##########.?........
#...................
##$.@................
#>...............)...
#....................
#...............)....
#......).............
#......†.........†...
#...........##.##.###
#...........#.#.#....
#...........#...#..##


There were no monsters in sight!

Vanquished Creatures
  An iguana (D:3)
  Jessica (D:3)
  3 adders (D:2)
  3 gnolls (D:2)
  A worm (D:2)
  3 orcs (D:3)
  4 endoplasms
  4 giant cockroaches
  8 goblins
  5 hobgoblins
  6 kobolds
  2 quokkas
  9 ball pythons
  3 bats
  4 frilled lizards
  8 rats
65 creatures vanquished.

Notes
Turn   | Place    | Note
-------+----------+-------------------------------------------
     0 | D:1      | Arximoufas the Demonspawn Berserker began the quest for the
                  | Orb.
     0 | D:1      | Reached XP level 1. HP: 18/18 MP: 1/1
   180 | D:1      | Gained mutation: A meltable shield of frost defends you.
                  | (SH +4) [demonic ancestry]
   180 | D:1      | Reached XP level 2. HP: 17/24 MP: 2/2
   449 | D:1      | Reached ** piety under Trog
   721 | D:1      | Gained mutation: You have a somewhat thin skeletal
                  | structure. (Dex +2, Stealth+) [demonic ancestry]
   721 | D:1      | Reached XP level 3. HP: 29/29 MP: 3/3
  1116 | D:2      | Reached XP level 4. HP: 36/37 MP: 4/4
  1920 | D:3      | Gained mutation: You have a pair of small horns on your
                  | head. [demonic ancestry]
  1920 | D:3      | Reached XP level 5. HP: 42/42 MP: 5/5
  2118 | D:3      | Noticed Jessica
  2127 | D:3      | Killed Jessica
  2127 | D:3      | Reached *** piety under Trog
  2173 | D:3      | Quit the game

Illustrated notes

Levels and vault maps discovered:
D:1:      amcnicky_arrival_single_pillar, layout_loops_ring
D:2:      layout_loops_cross
D:3:      layout_basic, serial_shops, nicolae_shop_bloodbath_and_beyond,
          st_stairs_9, minmay_distorted, uniq_jessica

Skill      XL: |  1  2  3  4 |
---------------+-------------+-----
Axes           | 3 4 |  4.8
Fighting       | 4 |  4.2
Armour         | |  1.7
Dodging        | |  1.7

Action                     |  1- 3 |  4- 6 || total
---------------------------+-------+-------++-------
  Melee: Hand axe          |    99 |    90 ||   189
         Punch             |     1 |       ||     1
         Headbutt          |       |     2 ||     2
 Invoke: Berserk           |     1 |     1 ||     2
    Use: Potion            |       |     1 ||     1
   Stab: Sleeping          |     1 |       ||     1
 Armour: Animal skin       |    16 |       ||    16
         Chain mail        |     5 |    41 ||    46
  Dodge: Dodged            |    64 |    32 ||    96
  Block: Other             |    15 |    14 ||    29

Table legend: (Time is in decaauts)
 A = Elapsed time spent in this place.
 B = Non-inter-level travel time spent in this place.
 C = Inter-level travel time spent in this place.
 D = Time resting spent in this place.
 E = Time spent auto-exploring this place.
 F = Levels seen in this place.
 G = Mean time per level.
                   A        B        C        D        E       F      G
               +--------+--------+--------+--------+--------+-----+--------+
         Total |   2220 |   2154 |     66 |    315 |   1412 |   3 |  740.0 |
       Dungeon |   2220 |   2154 |     66 |    315 |   1412 |   3 |  740.0 |
               +--------+--------+--------+--------+--------+-----+--------+

Top non-repeatable levels by time:
     D:1: 824 daAuts
     D:2: 803 daAuts
     D:3: 592 daAuts
